 Dungeon Crawl Stone Soup version 0.29-a0-322-g68df515428 (webtiles) character file.

Game seed: 5562596164033637730

359 OrbIsHorse the Covered (level 6, -5/55 HPs)
             Began as a Minotaur Fighter on Apr 8, 2022.
             Was a Plaything of Xom.
             Slain by a gnoll
             ... wielding a +0 flail
              (10 damage)
             ... on level 6 of the Dungeon on Apr 9, 2022.
             The game lasted 00:23:18 (2465 turns).

OrbIsHorse the Covered (Minotaur Fighter)           Turns: 2465, Time: 00:23:21

Health: -5/55      AC:  7    Str: 22    XL:     6   Next: 37%
Magic:  14/14      EV: 10    Int:  5    God:    Xom [.*....]
Gold:   271        SH:  4    Dex: 10    Spells: 2/5 levels left

rFire   . . .      SeeInvis .   a - +0 trident
rCold   . . .      Faith    .   c - +0 buckler
rNeg    . . .      Spirit   .   b - +0 scale mail
rPois   .          Reflect  .   (helmet restricted)
rElec   .          Harm     .   (no cloak)
rCorr   .          Rampage  .   (no gloves)
Will    .....                   (no boots)
Stlth   ..........              p - amulet of magic regeneration
HPRegen 0.18/turn               B - ring of magical power
MPRegen 0.54/turn               (no ring)

@: no status effects
A: horns 2, retaliatory headbutt
a: Renounce Religion


You were on level 6 of the Dungeon.
You worshipped Xom.
You were a plaything of Xom.
You visited 2 branches of the dungeon, and saw 7 of its levels.

You collected 271 gold pieces.

Inventory:

Hand Weapons
 a - a +0 trident (weapon)
 f - a +0 short sword
 i - a +0 dagger
 n - a +0 trident
 q - a +0 whip
 y - a +0 flail
 C - a +0 spear
Missiles
 w - 35 stones
 z - a silver boomerang (quivered)
Armour
 b - a +0 scale mail (worn)
 c - a +0 buckler (worn)
 g - a +0 ring mail
 k - a +0 robe
 u - a +0 leather armour
Magical Staves
 A - a staff of conjuration
Jewellery
 p - an amulet of magic regeneration (around neck)
 B - a ring of magical power (left hand)
Scrolls
 e - 5 scrolls of identify {unknown}
 j - 2 scrolls of teleportation {unknown}
 r - a scroll of enchant weapon {unknown}
Potions
 h - a potion of lignification {unknown}
 l - a potion of attraction {unknown}
 m - a potion of haste {unknown}
 o - a potion of berserk rage {unknown}
 t - a potion of flight {unknown}
 v - a potion of magic {unknown}
 x - a potion of brilliance {unknown}


   Skills:
 + Level 4.9 Fighting
 + Level 4.7 Polearms
 + Level 5.6 Armour
 + Level 2.0 Dodging
 + Level 0.2 Stealth
 + Level 4.5 Shields


You had 2 spell levels left.
You knew the following spells:

 Your Spells              Type           Power      Damage    Failure   Level
a - Gell's Gravitas       Tloc           0%         N/A       99%         3

Your spell library contained the following spells:

 Spells                   Type           Power      Damage    Failure   Level
 Teleport Other           Tloc           0%         N/A       99%         3
 Dispersal                Tloc           0%         N/A       100%        6


Dungeon Overview and Level Annotations

Branches:
Dungeon (6/15)             Temple (1/1) D:5

Altars:
Ashenzari
Dithmenos
Fedhas
Nemelex Xobeh
Okawaru
Ru
Sif Muna
Trog
Uskayaw
Vehumet
Wu Jian
Xom
Yredelemnul
Zin
The Shining One

Annotations:
D:6 Maggie


Innate Abilities, Weirdness & Mutations

You have a pair of horns on your head.
You reflexively headbutt those who attack you in melee.


Message History

Deactivating autopickup; reactivate with Ctrl-A.
The gnoll hits you from afar with a +0 spear.
You hear a zap.
You suddenly lose the ability to move!
The gnoll barely misses you. The gnoll hits you but does no damage.
The gnoll hits you with a +0 flail! The gnoll hits you but does no damage.
The gnoll hits you with a +0 flail.
You can move again.
You feel very mighty all of a sudden. The gnoll hits you with a +0 flail!
The gnoll hits you with a +0 flail.
The gnoll hits you from afar with a +0 spear.
* * * LOW HITPOINT WARNING * * *
The gnoll barely misses you.
A black bear comes into view.
It was a potion of cancellation.
Your magical effects are unravelling.
You feel magically purged.
Xom is mildly amused.
You break out of your daze.
You feel a little less mighty now.
The black bear growls angrily.
You block the gnoll's attack. The gnoll misses you. You furiously retaliate!
You headbutt the gnoll! The gnoll misses you. The gnoll barely misses you.
The gnoll hits you from afar with a +0 spear.
* * * LOW HITPOINT WARNING * * *
Something hits you.
* * * LOW HITPOINT WARNING * * *
Something burns you.
* * * LOW HITPOINT WARNING * * *
Unknown command.
Unknown command.
You barely miss something. Your headbutt misses something.
The gnoll misses you. The gnoll hits you but does no damage.
The gnoll barely misses you. You furiously retaliate!
You headbutt the gnoll, but do no damage.
The gnoll hits you but does no damage.
The gnoll shaman hits you but does no damage.
The gnoll hits you with a +0 flail!
You die...
Xom snickers!

# ##.# ...
......#.#..# #
...##..##.#.#..#.##
..................#
$....##.#.#.##.##
.......#.#.# .# #
#g.##.#.#.# #
....###gg##...#.##.#
.h....g@g..........#
###..#...####.#.##.#
........<# ###.# #
##...#...# #.#
#...#...# #<# #..
#...# ... #. #...#
#.# .. #...# #.#


You could see a black bear, a gnoll shaman and 4 gnolls.

Vanquished Creatures
  A bullfrog (D:4)
  A scorpion (D:5)
  A howler monkey (D:5)
  2 hounds
  An iguana (D:5)
  An orc wizard (D:5)
  3 adders
  A river rat (D:4)
  2 ufetubi (D:5)
  A dart slug (D:4)
  4 orcs (D:5)
  2 endoplasms
  2 giant cockroaches (D:4)
  2 goblins
  3 hobgoblins
  3 jackals (D:5)
  A quokka (D:4)
  3 ball pythons
  2 bats
  A kobold (D:1)
  4 rats
41 creatures vanquished.

Vanquished Creatures (others)
  A plant (D:4)
1 creature vanquished.

Grand Total: 42 creatures vanquished

Notes
Turn   | Place    | Note
-------+----------+-------------------------------------------
     0 | D:1      | OrbIsHorse the Minotaur Fighter began the quest for the
                  | Orb.
     0 | D:1      | Reached XP level 1. HP: 19/19 MP: 0/0
   369 | D:2      | Reached XP level 2. HP: 24/27 MP: 1/1
   508 | D:3      | Reached skill level 4 in Armour
   519 | D:3      | Reached XP level 3. HP: 33/33 MP: 2/2
   756 | D:4      | Noticed a bullfrog
   765 | D:4      | Killed a bullfrog
   766 | D:4      | Reached XP level 4. HP: 22/41 MP: 3/3
  1088 | D:4      | Found a shimmering altar of Xom.
  1098 | D:4      | Found a glowing golden altar of the Shining One.
  1123 | D:4      | Found a basalt altar of Yredelemnul.
  1133 | D:4      | Became a worshipper of Xom of Chaos
  1382 | D:4      | XOM: noise
  1484 | D:5      | Entered Level 5 of the Dungeon
  1490 | D:5      | Reached XP level 5. HP: 38/47 MP: 4/4
  1492 | D:5      | Reached skill level 5 in Armour
  1630 | D:5      | XOM: 3-stop teleportation journey
  1637 | D:5      | Reached skill level 1 in Dodging
  1721 | D:5      | XOM: blink monster(s)
  1729 | D:5      | Reached XP level 6. HP: 46/55 MP: 5/5
  1768 | D:5      | Found a staircase to the Ecumenical Temple.
  1780 | Temple   | Entered the Ecumenical Temple
  2346 | D:5      | XOM: god gift: 29 gold pieces
  2404 | D:5      | Learned a level 3 spell: Gell's Gravitas
  2456 | D:6      | Noticed Maggie
  2460 | D:6      | Paralysed by something for 3 turns
  2465 | D:6      | Slain by a gnoll

Illustrated notes

Levels and vault maps discovered:
D:1:      minmay_arrival_solitary_statue, layout_rooms,
          shapermc_ecumenical_altar_venn
D:2:      layout_loops_ring, minivault_23, minmay_bisected
D:3:      layout_loops_ring, lemuel_doored_altar,
          nicolae_hepliaklqana_ecumenical_no_more, kennysheep_nub,
          kennysheep_generic_room_7
D:4:      layout_basic, gammafunk_temple_overflow_forgotten,
          gup_sewer_entry_bowl
D:5:      layout_loops_ring, minmay_temple_entry_arrows
D:6:      layout_basic, nicolae_qazlal_eye_of_the_storm,
          grunt_gozag_breadcrumbs, serial_shops, shop,
          nicolae_shop_hallway_plus, shop, nicolae_diamond_shop, uniq_maggie
Temple:   nicolae_temple_x_marks_the_god

Skill      XL: |  1  2  3  4  5  6 |
---------------+-------------------+-----
Armour         | 4 5 |  5.6
Fighting       | 4 |  4.9
Shields        | 4 |  4.5
Polearms       | 3 4 |  4.7
Dodging        | 1 2 |  2.0
Stealth        | |  0.2

Action                   |  1- 3 |  4- 6 || total
-------------------------+-------+-------++-------
Melee: Trident           |    34 |    58 ||    92
       Headbutt          |     2 |    12 ||    14
Throw: Stone             |       |     3 ||     3
       Boomerang         |       |     2 ||     2
  Use: Potion            |     1 |     2 ||     3
Armor: Scale mail        |    16 |    28 ||    44
Dodge: Dodged            |    22 |    37 ||    59
Block: Buckler           |    12 |    18 ||    30

Table legend: (Time is in decaauts)
 A = Elapsed time spent in this place.
 B = Non-inter-level travel time spent in this place.
 C = Inter-level travel time spent in this place.
 D = Time resting spent in this place.
 E = Time spent auto-exploring this place.
 F = Levels seen in this place.
 G = Mean time per level.
                   A        B        C        D        E       F      G
               +--------+--------+--------+--------+--------+-----+--------+
         Total |   2486 |   2475 |     11 |    431 |    324 |   7 |  355.1 |
       Dungeon |   2271 |   2260 |     11 |    431 |    319 |   6 |  378.5 |
        Temple |    214 |    214 |      0 |      0 |      5 |   1 |  214.0 |
               +--------+--------+--------+--------+--------+-----+--------+

Top non-repeatable levels by time:
     D:4: 848 daAuts
     D:5: 739 daAuts
     D:1: 340 daAuts
  Temple: 214 daAuts
     D:2: 159 daAuts
     D:3: 153 daAuts
     D:6: 30 daAuts
